[Event "Sunday 29 April Rapid Engine Tour 12+1 Rounds 9 Starts 1600 ST"]
[Site "Infinity Chess"]
[Date "2018.4.29"]
[Round "6"]
[White "KhalidOmar"]
[Black "hafaba"]
[Result "1/2-1/2 "]
[ECO "C77"]
[WhiteElo "2464"]
[BlackElo "2400"]
[WhiteEngine "Eman 1.70-beta28 64-bit BMI2"]
[BlackEngine "Eman 1.70-beta21 64-bit POPCNT_CTG"]
[EventType "Swiss"]
[WhiteTeam ""]
[BlackTeam ""]
[PlyCount "248"]
[TimeControl "720+1"]

1. e4 e5 2. Nf3 Nc6 3. Bb5 a6 4. Ba4 Nf6 5. O-O Nxe4 6. d4 b5 7. Bb3 d5 
8. dxe5 Be6 9. Nbd2 Nc5 10. c3 Be7 11. Bc2 Bg4 12. Re1 Qd7 13. h3 Bh5 
14. Nf1 Rd8 15. Ng3 Bg6 16. Qe2 O-O 17. Be3 Bxc2 18. Qxc2 Ne6 19. Rad1 f6 
20. exf6 Bxf6 21. Bc1 Rde8 22. Ne4 Ne7 23. c4 bxc4 24. Qxc4 a5 25. b3 Rd8 
26. Qa6 Ng6 27. Nxf6+ Rxf6 28. Ne5 Qd6 29. Qxd6 Rxd6 30. Ba3 c5 31. Rc1 Nxe5 
32. Rxe5 a4 33. bxa4 Ra6 34. Bxc5 Nxc5 35. Rxc5 Rxa4 36. Rc8+ Rf8 37. Rc7 Rxa2 
38. f3 Ra6 39. Rxd5 Rf7 40. Rd8+ Rf8 41. Rdd7 Rg6 42. Kf2 Ra8 43. Rc2 Rga6 
44. Rc5 R6a7 45. Rxa7 Rxa7 46. g4 g6 47. Rc8+ Kf7 48. Rc5 Ke8 49. Kg3 Kf7 
50. h4 Kg7 51. Rc6 h5 52. g5 Ra4 53. Rc7+ Kf8 54. Rc1 Kf7 55. Rc6 Rd4 
56. Rc7+ Ke8 57. Rc8+ Ke7 58. Rc6 Kf7 59. Rc7+ Kf8 60. Rb7 Rd3 61. Rb5 Rd6 
62. Rb3 Kf7 63. Rb1 Rd7 64. Rb6 Rd4 65. Rb2 Rd1 66. Rb7+ Kg8 67. Ra7 Rd6 
68. Ra8+ Kf7 69. Ra7+ Kf8 70. Ra4 Rd1 71. Ra6 Kg7 72. Ra8 Rg1+ 73. Kf4 Rh1 
74. Ra7+ Kf8 75. Ra6 Kg7 76. Kg3 Rg1+ 77. Kf4 Rh1 78. Ra7+ Kf8 79. Kg3 Rg1+ 
80. Kf2 Rc1 81. Ra6 Kf7 82. Rf6+ Kg7 83. Re6 Ra1 84. Rb6 Ra2+ 85. Kg3 Ra4 
86. Rb3 Kf7 87. Rc3 Kg7 88. Rd3 Kf7 89. Rb3 Rc4 90. Rb2 Ra4 91. Rh2 Ra3 
92. Rd2 Rb3 93. Kg2 Rb4 94. Kg3 Rb3 95. Rd7+ Kg8 96. Ra7 Kf8 97. Kf4 Rb4+ 
98. Ke5 Rb5+ 99. Kd6 Rb4 100. Ra2 Rf4 101. Ke6 Rc4 102. f4 Rxf4 103. Ra8+ Kg7 
104. Ra1 Re4+ 105. Kd5 Rxh4 106. Ra8 Rf4 107. Kd6 h4 108. Ra7+ Rf7 109. Ra1 h3 
110. Ke5 Rf5+ 111. Ke4 Rxg5 112. Kf3 Kh6 113. Ra2 Kh5 114. Ra8 Rb5 115. Ra3 g5 
116. Rc3 g4+ 117. Kg3 Ra5 118. Rd3 Kg5 119. Rb3 Re5 120. Ra3 Rd5 121. Rb3 Rf5 
122. Ra3 Rd5 123. Rb3 Rc5 124. Ra3 Kh5 1/2-1/2

[Event "Sunday 29 April Rapid Engine Tour 12+1 Rounds 9 Starts 1600 ST"]
[Site "Infinity Chess"]
[Date "2018.4.29"]
[Round "6"]
[White "ocirema"]
[Black "star99"]
[Result "1/2-1/2"]
[ECO "D31"]
[WhiteElo "2403"]
[BlackElo "2454"]
[WhiteEngine "asmFishW_9_popcnt"]
[BlackEngine "Cryptic Heroes 9.4B"]
[EventType "Swiss"]
[WhiteTeam ""]
[BlackTeam ""]
[PlyCount "113"]
[TimeControl "720+1"]

1. d4 d5 2. c4 e6 3. Nc3 c6 4. e4 dxe4 5. Nxe4 Bb4+ 6. Bd2 Qxd4 7. Bxb4 Qxe4+ 
8. Be2 Na6 9. Ba5 b6 10. Qd6 Bd7 11. Bc3 f6 12. Nf3 Nh6 13. Rd1 Rd8 14. Qa3 Bc8 
15. Nd2 Qf4 16. Bh5+ Nf7 17. O-O c5 18. Qa4+ Ke7 19. Rfe1 Ng5 20. Re3 Rd6 
21. Rde1 Rhd8 22. Nf3 Kf8 23. a3 Bb7 24. h3 Nb8 25. Qxa7 Bxf3 26. Bxf3 Nc6 
27. Bxc6 Rxc6 28. Qa6 e5 29. a4 Rcd6 30. a5 bxa5 31. Qb5 Rc8 32. Qb7 Rdc6 
33. Rd3 Qxc4 34. Rd7 Ne6 35. f4 Qa6 36. fxe5 Qxb7 37. Rxb7 f5 38. Bxa5 Ra6 
39. Bb6 Rc6 40. Ba7 Kg8 41. g3 c4 42. Rf1 c3 43. bxc3 Rxc3 44. Rxf5 Rxg3+ 
45. Kh2 Rd3 46. Rb8+ Rd8 47. Rxd8+ Nxd8 48. Bf2 g6 49. Rf3 Nf7 50. Rf6 Rxf6 
51. exf6 Nh6 52. Kg2 Nf5 53. Bg3 Nxg3 54. Kxg3 Kf7 55. Kf3 Kxf6 56. Kg4 h6 
57. Kf4 1/2-1/2

[Event "Sunday 29 April Rapid Engine Tour 12+1 Rounds 9 Starts 1600 ST"]
[Site "Infinity Chess"]
[Date "2018.4.29"]
[Round "6"]
[White "Eman"]
[Black "Marsell"]
[Result "1/2-1/2"]
[ECO "D11"]
[WhiteElo "2445"]
[BlackElo "2451"]
[WhiteEngine "Eman 1.70-beta27 64-bit BMI2"]
[BlackEngine "BrainFish_180418_x64_bmi2"]
[EventType "Swiss"]
[WhiteTeam ""]
[BlackTeam ""]
[PlyCount "83"]
[TimeControl "720+1"]

1. d4 d5 2. c4 c6 3. Nf3 Nf6 4. e3 e6 5. Bd3 Nbd7 6. b3 Bd6 7. Bb2 O-O 
8. Qc2 Qc7 9. O-O b6 10. Nbd2 Bb7 11. Rae1 h6 12. e4 dxe4 13. Nxe4 Nxe4 
14. Bxe4 Nf6 15. Qc3 Rfe8 16. c5 Bf8 17. Ne5 Red8 18. Bd3 bxc5 19. dxc5 Rd5 
20. b4 a5 21. a3 axb4 22. axb4 Ba6 23. Bxa6 Rxa6 24. Qc2 Rd8 25. f4 Nd5 
26. f5 f6 27. fxe6 fxe5 28. Bxe5 Qe7 29. Bd6 Rxd6 30. Rxf8+ Kxf8 31. cxd6 Qxd6 
32. Qh7 Ke7 33. Qxg7+ Kd8 34. Rf1 Ne7 35. Rf8+ Kc7 36. Rf7 Kc8 37. Rxe7 Qd1+ 
38. Kf2 Qd2+ 39. Kf1 Qd1+ 40. Kf2 Qd2+ 41. Kf1 Qd1+ 42. Kf2 1/2-1/2

[Event "Sunday 29 April Rapid Engine Tour 12+1 Rounds 9 Starts 1600 ST"]
[Site "Infinity Chess"]
[Date "2018.4.29"]
[Round "6"]
[White "CoffeeOne"]
[Black "HerzsjeMZ"]
[Result "1/2-1/2"]
[ECO "C50"]
[WhiteElo "2481"]
[BlackElo "2449"]
[WhiteEngine "cfish-2018-04-25-2"]
[BlackEngine "SugaR.XPrO.1.4.64.POCNT"]
[EventType "Swiss"]
[WhiteTeam ""]
[BlackTeam ""]
[PlyCount "116"]
[TimeControl "720+1"]

1. e4 e5 2. Nf3 Nc6 3. Bc4 Bc5 4. O-O Nf6 5. d3 d6 6. c3 O-O 7. h3 a5 8. Re1 Ba7 
9. a4 h6 10. Na3 Ne7 11. d4 exd4 12. cxd4 c6 13. Bd3 d5 14. e5 Ne4 15. Nc2 Be6 
16. Bxe4 dxe4 17. Rxe4 c5 18. Re2 Qd5 19. Rd2 Nf5 20. dxc5 Qxc5 21. Ncd4 Nxd4 
22. Rxd4 Qc7 23. Rf4 Rfc8 24. Qe1 Qc2 25. Nd4 Bxd4 26. Rxd4 Rc5 27. Qe4 Qxe4 
28. Rxe4 Rd5 29. Be3 Rc8 30. g4 Rd3 31. Rd4 Rb3 32. Rc1 Rxc1+ 33. Bxc1 Rxh3 
34. Bd2 Rh4 35. f3 h5 36. Bxa5 hxg4 37. fxg4 Rxg4+ 38. Rxg4 Bxg4 39. Bc3 Bd7 
40. a5 Kf8 41. b4 Ke7 42. Kf2 Bc6 43. Kg3 Kd7 44. Bd2 Ke6 45. Kf4 Bb5 
46. Bc3 Kd7 47. Bd4 Ke6 48. Be3 g6 49. Ke4 Bc6+ 50. Kd4 Kf5 51. Kc5 Be4 
52. Bd4 g5 53. b5 Bd3 54. Kb6 Be2 55. a6 bxa6 56. bxa6 Bxa6 57. e6 Kxe6 
58. Kxa6 Kd5 1/2-1/2

[Event "Sunday 29 April Rapid Engine Tour 12+1 Rounds 9 Starts 1600 ST"]
[Site "Infinity Chess"]
[Date "2018.4.29"]
[Round "6"]
[White "Medusa"]
[Black "Susanne"]
[Result "1/2-1/2"]
[ECO "B30"]
[WhiteElo "2457"]
[BlackElo "2548"]
[WhiteEngine "Eman 1.70-beta23 64-bit BMI2"]
[BlackEngine "asmFishW_IX_bmi2_CTG"]
[EventType "Swiss"]
[WhiteTeam ""]
[BlackTeam ""]
[PlyCount "278"]
[TimeControl "720+1"]

1. e4 c5 2. Nf3 Nc6 3. Nc3 g6 4. Bb5 Bg7 5. O-O d6 6. Re1 e5 7. Bc4 Nge7 
8. d3 O-O 9. Nd5 h6 10. a3 Kh7 11. Nxe7 Qxe7 12. c3 a5 13. a4 f5 14. h3 f4 
15. Bd5 g5 16. Bd2 Bd7 17. Kf1 Bf6 18. Qb3 Kg7 19. Ke2 Nd8 20. Nh2 h5 
21. Kd1 Ne6 22. Bc4 Nc7 23. Kc1 Rfb8 24. Qd1 Rh8 25. Rg1 Rh7 26. Qe2 Rd8 
27. Kc2 d5 28. exd5 Bf5 29. g3 Nxd5 30. gxf4 Nxf4 31. Bxf4 exf4 32. Qxe7+ Bxe7 
33. Nf3 Kh6 34. Rh1 Bf6 35. Rae1 Rhd7 36. Ne5 Re7 37. Nf7+ Rxf7 38. Bxf7 Rxd3 
39. Kc1 Rxh3 40. Rxh3 Bxh3 41. Kd2 g4 42. Re8 g3 43. fxg3 fxg3 44. Bd5 Bg4 
45. Rg8 Bg5+ 46. Ke1 h4 47. Rh8+ Kg7 48. Rg8+ Kf6 49. Rf8+ Kg6 50. Rg8+ Kf5 
51. Rf8+ Ke5 52. Rg8 Kf5 53. Rf8+ Bf6 54. Bxb7 h3 55. Kf1 Kg6 56. Rg8+ Kh5 
57. Ra8 Bg5 58. Rxa5 Be3 59. Ra8 Be6 60. Rh8+ Kg5 61. b3 c4 62. Re8 Kf6 
63. b4 Kf7 64. Rxe6 g2+ 65. Bxg2 hxg2+ 66. Kxg2 Kxe6 67. Kf3 Ba7 68. Ke4 Kd6 
69. a5 Kc6 70. Ke5 Kb5 71. Kd5 Bf2 72. Kd6 Be1 73. Kd5 Bf2 74. Kd6 Bg1 
75. Kd5 Bh2 76. Kd4 Bb8 77. Ke4 Bd6 78. Kd4 Be7 79. Ke4 Bd6 80. Kd4 Bf4 
81. Kd5 Bb8 82. Ke4 Bh2 83. Kd4 Bd6 84. Ke4 Be7 85. Kd4 Bh4 86. Kd5 Bg5 
87. Ke4 Bc1 88. Kd5 Be3 89. Kd6 Bd2 90. Kd5 Be1 91. Kd4 Bf2+ 92. Kd5 Ba7 
93. Ke6 Ka4 94. Kd6 Bf2 95. Kc6 Kb3 96. b5 Kxc3 97. a6 Kb4 98. b6 c3 99. a7 c2 
100. a8=Q c1=Q+ 101. Kb7 Qh1+ 102. Kb8 Qh8+ 103. Kb7 Qh1+ 104. Kb8 Qh8+ 
105. Kb7 Qh7+ 106. Ka6 Qd3+ 107. Ka7 Qd7+ 108. Qb7 Qa4+ 109. Kb8 Qe8+ 
110. Qc8 Bg3+ 111. Kb7 Qf7+ 112. Ka6 Qf3 113. Qe8 Qd3+ 114. Kb7 Qf5 
115. Qe7+ Ka4 116. Qe8+ Ka5 117. Qa8+ Kb4 118. Qd8 Qe4+ 119. Ka6 Qe2+ 
120. Kb7 Qf3+ 121. Ka7 Qa3+ 122. Kb7 Qe3 123. Ka6 Qe2+ 124. Ka7 Bf2 
125. Qd6+ Bc5 126. Qc6 Qe7+ 127. Ka6 Qe2+ 128. Kb7 Bg1 129. Qd6+ Bc5 
130. Qc6 Qe5 131. Kc8 Qh8+ 132. Kc7 Qh7+ 133. Kc8 Qh3+ 134. Kb7 Qe3 
135. Ka8 Qa3+ 136. Kb7 Qc3 137. Qe4+ Bd4 138. Qd5 Qe3 139. Qd6+ Bc5 1/2-1/2

[Event "Sunday 29 April Rapid Engine Tour 12+1 Rounds 9 Starts 1600 ST"]
[Site "Infinity Chess"]
[Date "2018.4.29"]
[Round "6"]
[White "Murx"]
[Black "Gilgamesch"]
[Result "0-1"]
[ECO "C53"]
[WhiteElo "2514"]
[BlackElo "2497"]
[WhiteEngine "asmFishW_2018-04-07_popcnt"]
[BlackEngine "BrainFish_180408_x64_bmi2"]
[EventType "Swiss"]
[WhiteTeam ""]
[BlackTeam ""]
[PlyCount "156"]
[TimeControl "720+1"]

1. e4 e5 2. Nf3 Nc6 3. Bc4 Bc5 4. c3 Nf6 5. d3 d6 6. O-O O-O 7. Bg5 a5 8. a4 h6 
9. Bh4 g5 10. Bg3 Kg7 11. Na3 Ne7 12. Nc2 Bb6 13. Re1 Ng6 14. d4 Nxe4 
15. Rxe4 f5 16. Re1 f4 17. Bd3 fxg3 18. fxg3 g4 19. Nd2 Qg5 20. Nc4 Ba7 
21. Rb1 Bd7 22. b4 axb4 23. Rxb4 Rab8 24. Qb1 Bc6 25. Kh1 h5 26. N4e3 Rf2 
27. Rf1 Rxf1+ 28. Qxf1 Ne7 29. Qe1 Rf8 30. Rb1 Qf6 31. Qd2 Qf2 32. Qc1 Rf3 
33. a5 Kf8 34. Qg1 Qd2 35. Rd1 Qxc3 36. gxf3 Bxf3+ 37. Ng2 e4 38. Qf1 Ke8 
39. Bb5+ c6 40. Ba4 Bxd1 41. Qxd1 Qxa5 42. Bb3 d5 43. Nf4 Qc3 44. Ba2 Nf5 
45. Nxd5 cxd5 46. Bxd5 Qd3 47. Qxd3 exd3 48. Na3 Ne3 49. Bb3 Bxd4 50. Nc4 Nc2 
51. Kg2 Ke7 52. Ba4 Ke6 53. Bb3 Kf6 54. Ba4 Ne1+ 55. Kf1 Nf3 56. Kg2 d2 
57. Nd6 b6 58. Nb5 Ke5 59. Na3 Kd5 60. Bd1 Bc5 61. Nb5 Kc4 62. Nc7 b5 63. h3 b4 
64. Be2+ Kc3 65. Na6 Bd4 66. Nc7 b3 67. Nd5+ Kb2 68. hxg4 hxg4 69. Bd1 Ka3 
70. Nc7 b2 71. Nb5+ Kb4 72. Nxd4 Nxd4 73. Kf2 b1=Q 74. Bxg4 Qe1+ 75. Kg2 Qe4+ 
76. Bf3 Qxf3+ 77. Kh3 d1=Q 78. Kh4 Qg4# 0-1

[Event "Sunday 29 April Rapid Engine Tour 12+1 Rounds 9 Starts 1600 ST"]
[Site "Infinity Chess"]
[Date "2018.4.29"]
[Round "6"]
[White "Deep_Impact"]
[Black "KRAKEN"]
[Result "1/2-1/2"]
[ECO "D31"]
[WhiteElo "2504"]
[BlackElo "2560"]
[WhiteEngine "asmFishW_2018-04-24_bmi2"]
[BlackEngine "Raubfisch ME262_GTZ17b3._CTG"]
[EventType "Swiss"]
[WhiteTeam ""]
[BlackTeam ""]
[PlyCount "130"]
[TimeControl "720+1"]

1. d4 d5 2. c4 e6 3. Nc3 c6 4. e4 dxe4 5. Nxe4 Bb4+ 6. Bd2 Qxd4 7. Bxb4 Qxe4+ 
8. Be2 Na6 9. Ba5 f6 10. Nf3 b6 11. Nd2 Qf5 12. Bh5+ g6 13. Bf3 Qe5+ 14. Kf1 Qc7 
15. Bc3 e5 16. Ne4 h5 17. Qd6 Kf7 18. Qa3 Nh6 19. Re1 Nc5 20. Nxc5 bxc5 
21. Qxc5 Be6 22. Ba5 Qb7 23. b3 Rac8 24. Be4 Bf5 25. f3 Bxe4 26. fxe4 Qe7 
27. Qxe7+ Kxe7 28. Kf2 Ke6 29. Rhf1 f5 30. exf5+ gxf5 31. Bc3 Nf7 32. Rxe5+ Nxe5 
33. Re1 Kd7 34. Rxe5 Rhe8 35. Ra5 a6 36. Bd2 c5 37. Be3 f4 38. Bxf4 Rc6 
39. Kf3 h4 40. Kg4 Rg6+ 41. Kh3 Re2 42. g3 hxg3 43. hxg3 Rb6 44. Kg4 Rc6 
45. Kf3 Re1 46. Kg2 Rb6 47. Kf2 Rbe6 48. g4 R1e2+ 49. Kf3 Ke7 50. Rxc5 Rxa2 
51. g5 Rb2 52. Kg4 Rxb3 53. Rc7+ Kf8 54. Kf5 Re8 55. g6 Kg8 56. c5 a5 
57. Be5 Rf3+ 58. Kg4 Rxe5 59. Kxf3 Re6 60. c6 a4 61. g7 a3 62. Ra7 Rxc6 
63. Kf4 a2 64. Kg5 a1=R 65. Rxa1 Kxg7 1/2-1/2

[Event "Sunday 29 April Rapid Engine Tour 12+1 Rounds 9 Starts 1600 ST"]
[Site "Infinity Chess"]
[Date "2018.4.29"]
[Round "5"]
[White "IronMan"]
[Black "KQRBNP"]
[Result "1/2-1/2"]
[ECO "C50"]
[WhiteElo "2355"]
[BlackElo "2328"]
[WhiteEngine "Eman 1.70-beta23 64-bit POPCNT"]
[BlackEngine "Eman 1.70-beta28 64-bit POPCNT"]
[EventType "Swiss"]
[WhiteTeam ""]
[BlackTeam ""]
[PlyCount "72"]
[TimeControl "720+1"]

1. e4 e5 2. Nf3 Nc6 3. Bc4 Bc5 4. O-O Nf6 5. d3 d6 6. c3 O-O 7. Bg5 a5 8. Bh4 h6 
9. Nbd2 g5 10. Bg3 Ba7 11. Re1 Nh7 12. h3 h5 13. d4 g4 14. Bh4 Qd7 15. Rc1 Ne7 
16. hxg4 hxg4 17. Ng5 Ng6 18. Nxh7 Kxh7 19. Bg3 exd4 20. Nf1 b5 21. Be2 Re8 
22. Qd2 dxc3 23. Qxc3 b4 24. Qc2 Kg7 25. Ne3 Bxe3 26. fxe3 Ra7 27. Rf1 Qe7 
28. Qd2 Ne5 29. a3 bxa3 30. bxa3 f6 31. Rf2 Rh8 32. Rcf1 Rh6 33. Bf4 Rh5 
34. Bg3 Rh6 35. Bf4 Rh7 36. Bg3 Rh6 1/2-1/2

[Event "Sunday 29 April Rapid Engine Tour 12+1 Rounds 9 Starts 1600 ST"]
[Site "Infinity Chess"]
[Date "2018.4.29"]
[Round "5"]
[White "fsher"]
[Black "Katzenmaier"]
[Result "1/2-1/2 "]
[ECO "C50"]
[WhiteElo "2387"]
[BlackElo "2446"]
[WhiteEngine "stockfish_17060619_x64_modern_CTG"]
[BlackEngine "Raubfisch X38b1"]
[EventType "Swiss"]
[WhiteTeam ""]
[BlackTeam ""]
[PlyCount "103"]
[TimeControl "720+1"]

1. e4 e5 2. Nf3 Nc6 3. Bc4 Bc5 4. d3 Nf6 5. c3 d6 6. O-O O-O 7. a4 a6 8. h3 Ba7 
9. Re1 h6 10. Nbd2 Nh5 11. Nf1 Be6 12. Bxe6 fxe6 13. b4 Qf6 14. Rb1 Qg6 
15. Rb2 Nf4 16. Bxf4 Rxf4 17. b5 Raf8 18. N1d2 axb5 19. axb5 Ne7 20. d4 Bb6 
21. Ra2 Qh5 22. Qb3 Kh7 23. Qxe6 Ng6 24. Re3 exd4 25. cxd4 R4f6 26. Qc4 Nf4 
27. h4 Kh8 28. g3 Qg4 29. Nf1 Nh3+ 30. Kh1 Qh5 31. N1h2 g5 32. Qd5 c6 
33. Qb3 gxh4 34. e5 dxe5 35. Rxe5 Ng5 36. Nxh4 Bxd4 37. Rf5 Rxf5 38. Nxf5 Nf3 
39. Qxf3 Qxf5 40. Qxf5 Rxf5 41. bxc6 bxc6 42. f4 h5 43. Nf3 Bf6 44. Ra7 c5 
45. Kg2 c4 46. Nd2 c3 47. Ne4 c2 48. Rc7 h4 49. Rxc2 hxg3 50. Kxg3 Be5 
51. fxe5 Rxe5 52. Kf4 1/2-1/2

[Event "Sunday 29 April Rapid Engine Tour 12+1 Rounds 9 Starts 1600 ST"]
[Site "Infinity Chess"]
[Date "2018.4.29"]
[Round "5"]
[White "Dovahkiin"]
[Black "hafaba"]
[Result "1/2-1/2"]
[ECO "B90"]
[WhiteElo "2379"]
[BlackElo "2401"]
[WhiteEngine "BrainFish_180423_x64_modern_CTG"]
[BlackEngine "Eman 1.70-beta21 64-bit POPCNT_CTG"]
[EventType "Swiss"]
[WhiteTeam ""]
[BlackTeam ""]
[PlyCount "117"]
[TimeControl "720+1"]

1. e4 c5 2. Nf3 d6 3. d4 cxd4 4. Nxd4 Nf6 5. Nc3 a6 6. Nb3 e5 7. Bg5 Be6 
8. f4 exf4 9. Qd2 Be7 10. Bxf4 Nc6 11. O-O-O Ne5 12. Nd4 O-O 13. Nf5 Bxf5 
14. exf5 Qc8 15. h3 Qxf5 16. g4 Qg6 17. Bg2 Rac8 18. Bxb7 Rc7 19. Bd5 Rfc8 
20. Bb3 Nc4 21. Qd3 Nxb2 22. Qxg6 hxg6 23. Kxb2 Rxc3 24. Bxd6 Re3 25. Rhf1 Bxd6 
26. Rxd6 a5 27. Ra6 Rc5 28. Ra8+ Kh7 29. h4 g5 30. hxg5 Rxg5 31. Ra7 Nxg4 
32. Bxf7 Rb5+ 33. Kc1 Rbe5 34. Rh1+ Nh6 35. Ra6 Rg5 36. Ra7 Rge5 37. Ra6 Rg5 
38. c4 Re7 39. Bd5 g6 40. Rxa5 Kg7 41. Kd2 Nf5 42. Rh3 Rc7 43. Rd3 Nd6 
44. Ra4 Ne8 45. Kc3 Nf6 46. Ra5 Rg1 47. Kb2 g5 48. a4 g4 49. Kb3 Nxd5 
50. cxd5 g3 51. d6 Rb7+ 52. Kc4 g2 53. Rg5+ Kf6 54. Rdg3 Ke6 55. Rxg2 Rxg2 
56. Rxg2 Kxd6 57. a5 Kc7 58. Rg4 Rb1 59. a6 1/2-1/2

[Event "Sunday 29 April Rapid Engine Tour 12+1 Rounds 9 Starts 1600 ST"]
[Site "Infinity Chess"]
[Date "2018.4.29"]
[Round "5"]
[White "ocirema"]
[Black "angriff"]
[Result "1/2-1/2"]
[ECO "C50"]
[WhiteElo "2402"]
[BlackElo "2427"]
[WhiteEngine "asmFishW_9_popcnt"]
[BlackEngine "DracoREX 3.07 64BIT POPCNT_CTG"]
[EventType "Swiss"]
[WhiteTeam ""]
[BlackTeam ""]
[PlyCount "115"]
[TimeControl "720+1"]

1. e4 e5 2. Nf3 Nc6 3. Bc4 Bc5 4. O-O Nf6 5. d3 d6 6. c3 a5 7. Bg5 Ba7 
8. Nbd2 h6 9. Bh4 g5 10. Bg3 O-O 11. Bb3 Be6 12. a4 Qe7 13. Nc4 Qd7 14. Re1 Rae8 
15. Ne3 Ne7 16. Bc2 Bxe3 17. Rxe3 Ng6 18. d4 Qe7 19. h3 Bd7 20. b4 b6 
21. Rb1 Rb8 22. Re1 Rfc8 23. Qd2 Kg7 24. Re3 c5 25. b5 Rc7 26. Rd1 Nh5 
27. dxc5 dxc5 28. Rd3 Rbb7 29. Rd6 Nxg3 30. fxg3 Be6 31. Nh2 Rd7 32. Nf1 Qd8 
33. Rd5 f5 34. Ne3 Ne7 35. c4 f4 36. Rxd7 Rxd7 37. Nd5 h5 38. Qe2 Kh6 
39. Rd2 Bf7 40. Qf3 Ng6 41. Bd1 Nf8 42. Qc3 Ng6 43. Be2 Be6 44. Kf1 Rf7 
45. Kg1 Rd7 46. Rd1 Rd6 47. Kh2 Rd7 48. Kg1 Rd6 49. Rf1 h4 50. gxf4 gxf4 
51. Rd1 Qg5 52. Kh1 Qg3 53. Rd3 Qf2 54. Bf3 Qf1+ 55. Kh2 Qf2 56. Kh1 Qf1+ 
57. Kh2 Qf2 58. Kh1 1/2-1/2

[Event "Sunday 29 April Rapid Engine Tour 12+1 Rounds 9 Starts 1600 ST"]
[Site "Infinity Chess"]
[Date "2018.4.29"]
[Round "5"]
[White "star99"]
[Black "KhalidOmar"]
[Result "1/2-1/2"]
[ECO "D02"]
[WhiteElo "2454"]
[BlackElo "2464"]
[WhiteEngine "Cryptic Heroes 9.4B"]
[BlackEngine "Eman 1.70-beta28 64-bit BMI2"]
[EventType "Swiss"]
[WhiteTeam ""]
[BlackTeam ""]
[PlyCount "102"]
[TimeControl "720+1"]

1. d4 d5 2. Nf3 e6 3. c4 Nf6 4. e3 b6 5. b3 Bb7 6. Bb2 Bd6 7. g3 dxc4 
8. bxc4 Bb4+ 9. Nc3 Ne4 10. Rc1 Nxc3 11. Bxc3 Bxc3+ 12. Rxc3 c5 13. Bg2 cxd4 
14. exd4 Nd7 15. O-O O-O 16. Qa1 Rc8 17. a4 Nf6 18. Rd1 Rc7 19. a5 Ne4 
20. Rcd3 Rxc4 21. Nd2 Nxd2 22. Bxb7 Rc7 23. Bg2 Nc4 24. d5 exd5 25. Bxd5 Qc8 
26. axb6 Nxb6 27. Bf3 Nc4 28. Bd5 Re8 29. Bxc4 Rxc4 30. Qxa7 Rc1 31. Qd4 Rxd1+ 
32. Rxd1 Qc6 33. Qd5 Qxd5 34. Rxd5 Ra8 35. Rd7 Kf8 36. Kg2 Ra2 37. Kf3 Ra3+ 
38. Kg4 g6 39. Kg5 Ra2 40. f4 Kg7 41. h3 Ra5+ 42. Kg4 h5+ 43. Kh4 Ra4 
44. Kg5 Ra3 45. g4 Rxh3 46. f5 gxf5 47. gxh5 Rh2 48. h6+ Rxh6 49. Kxf5 Rh5+ 
50. Kg4 Rb5 51. Rd6 f6 1/2-1/2

[Event "Sunday 29 April Rapid Engine Tour 12+1 Rounds 9 Starts 1600 ST"]
[Site "Infinity Chess"]
[Date "2018.4.29"]
[Round "5"]
[White "Marsell"]
[Black "HerzsjeMZ"]
[Result "1/2-1/2"]
[ECO "C53"]
[WhiteElo "2451"]
[BlackElo "2449"]
[WhiteEngine "BrainFish_180418_x64_bmi2"]
[BlackEngine "SugaR.XPrO.1.4.64.POCNT"]
[EventType "Swiss"]
[WhiteTeam ""]
[BlackTeam ""]
[PlyCount "111"]
[TimeControl "720+1"]

1. e4 e5 2. Nf3 Nc6 3. Bc4 Bc5 4. c3 Nf6 5. d3 d6 6. O-O O-O 7. h3 a5 
8. Nbd2 Ba7 9. a4 h6 10. Re1 Be6 11. b3 d5 12. exd5 Nxd5 13. Ne4 Re8 14. Bd2 Nf6 
15. Bxe6 Rxe6 16. Nxf6+ Qxf6 17. Qc2 Rae8 18. Be3 e4 19. dxe4 Rxe4 
20. Bxa7 Rxe1+ 21. Rxe1 Rxe1+ 22. Nxe1 Nxa7 23. Qd2 Nc6 24. Nd3 Qd6 25. Qe3 Ne7 
26. b4 b6 27. Qe4 g5 28. bxa5 bxa5 29. Kf1 Nc8 30. Qd4 Qxd4 31. cxd4 Nb6 
32. Nc5 Kg7 33. Ke2 h5 34. g3 Kf6 35. Kf3 Nd5 36. Ke4 Nc3+ 37. Kd3 Nd1 
38. f3 Nf2+ 39. Ke3 Nxh3 40. Nb3 h4 41. gxh4 gxh4 42. Nxa5 Kf5 43. Nc6 Nf4 
44. Kf2 Nd3+ 45. Kg2 Ke6 46. a5 Nf4+ 47. Kh2 Nd5 48. a6 Kd6 49. Ne5 c5 
50. Nxf7+ Kc6 51. dxc5 Kxc5 52. f4 Kb6 53. f5 Kxa6 54. f6 Nxf6 55. Nd6 Kb6 
56. Kh3 1/2-1/2

[Event "Sunday 29 April Rapid Engine Tour 12+1 Rounds 9 Starts 1600 ST"]
[Site "Infinity Chess"]
[Date "2018.4.29"]
[Round "5"]
[White "Eman"]
[Black "Medusa"]
[Result "1/2-1/2"]
[ECO "C50"]
[WhiteElo "2444"]
[BlackElo "2458"]
[WhiteEngine "Eman 1.70-beta27 64-bit BMI2"]
[BlackEngine "Eman 1.70-beta23 64-bit BMI2"]
[EventType "Swiss"]
[WhiteTeam ""]
[BlackTeam ""]
[PlyCount "76"]
[TimeControl "720+1"]

1. e4 e5 2. Nf3 Nc6 3. Bc4 Bc5 4. d3 Nf6 5. c3 O-O 6. O-O d6 7. Re1 Na5 
8. b4 Nxc4 9. bxc5 Na5 10. cxd6 cxd6 11. c4 b6 12. Bg5 h6 13. Bh4 Bg4 
14. h3 Bxf3 15. Qxf3 g5 16. Bg3 Nc6 17. Nc3 Ne8 18. Qd1 Nc7 19. f3 Ne6 
20. Bf2 Qd7 21. Rc1 Rac8 22. Ne2 f6 23. Be3 Kg7 24. Bf2 Nf4 25. Ng3 Ne7 
26. Nf1 Kh7 27. Ne3 Nc6 28. Nd5 Ne6 29. Qa4 Rf7 30. a3 Kg6 31. Ne3 Ncd4 
32. Qd1 Nc5 33. Nd5 Nde6 34. Rc3 Qa4 35. Qd2 Nb3 36. Qd1 Nbc5 37. Qd2 Nb3 
38. Qd1 Nbc5 1/2-1/2

[Event "Sunday 29 April Rapid Engine Tour 12+1 Rounds 9 Starts 1600 ST"]
[Site "Infinity Chess"]
[Date "2018.4.29"]
[Round "5"]
[White "Susanne"]
[Black "CoffeeOne"]
[Result "1/2-1/2"]
[ECO "C53"]
[WhiteElo "2551"]
[BlackElo "2478"]
[WhiteEngine "asmFishW_IX_bmi2_CTG"]
[BlackEngine "cfish-2018-04-25-2"]
[EventType "Swiss"]
[WhiteTeam ""]
[BlackTeam ""]
[PlyCount "173"]
[TimeControl "720+1"]

1. e4 e5 2. Nf3 Nc6 3. Bc4 Bc5 4. c3 Nf6 5. d3 d6 6. O-O O-O 7. Re1 a5 8. Bg5 h6 
9. Bh4 g5 10. Bg3 g4 11. Bh4 gxf3 12. Qxf3 Kg7 13. Nd2 Be6 14. Rad1 Bxc4 
15. Nxc4 Qe7 16. d4 exd4 17. Qg3+ Kh7 18. Qf4 Qe6 19. Bxf6 dxc3 20. Bxc3 f5 
21. e5 d5 22. Nd2 Rad8 23. Nb3 b6 24. Rd3 Rg8 25. Rf3 Rdf8 26. Bd2 Rg6 
27. Rg3 Rfg8 28. Nxc5 bxc5 29. h3 R8g7 30. Kh1 c4 31. b3 Nb4 32. Rxg6 Rxg6 
33. Qf3 Nd3 34. Re2 a4 35. bxc4 dxc4 36. a3 Nc5 37. Kh2 Ne4 38. Bf4 Nc5 
39. Be3 Nd3 40. Bd4 Rg8 41. Bc3 Rb8 42. g4 Rf8 43. Bd2 Re8 44. gxf5 Nxe5 
45. Qf4 Qd6 46. Kh1 c3 47. Bxc3 Qc6+ 48. Qe4 Qxc3 49. f6+ Kh8 50. f7 Rb8 
51. Qxe5+ Qxe5 52. Rxe5 Kg7 53. Re8 Rb1+ 54. Kg2 Kxf7 55. Re4 c5 56. f3 Rc1 
57. Rxa4 c4 58. Ra6 Ke7 59. Kf2 Kd7 60. Ke3 h5 61. Ra4 h4 62. Kd4 Ra1 
63. Kxc4 Rh1 64. Kd5 Rxh3 65. Ra7+ Ke8 66. Ke6 Kf8 67. Rf7+ Kg8 68. Rf4 Rh1 
69. a4 h3 70. Rg4+ Kh7 71. Rg3 Kh6 72. Kf5 Kh5 73. a5 Kh4 74. Rg4+ Kh5 
75. Rg5+ Kh4 76. Rg4+ Kh5 77. Rg8 Kh4 78. Kf4 Kh5 79. Rh8+ Kg6 80. Kg3 h2 
81. Ra8 Kh7 82. Kg2 Rf1 83. Kxh2 Rxf3 84. Kg2 Ra3 85. Kf2 Ra1 86. Kf3 Rd1 
87. Ke3 1/2-1/2

[Event "Sunday 29 April Rapid Engine Tour 12+1 Rounds 9 Starts 1600 ST"]
[Site "Infinity Chess"]
[Date "2018.4.29"]
[Round "5"]
[White "Deep_Impact"]
[Black "Gilgamesch"]
[Result "1/2-1/2"]
[ECO "C77"]
[WhiteElo "2504"]
[BlackElo "2497"]
[WhiteEngine "asmFishW_2018-04-24_bmi2"]
[BlackEngine "BrainFish_180408_x64_bmi2"]
[EventType "Swiss"]
[WhiteTeam ""]
[BlackTeam ""]
[PlyCount "109"]
[TimeControl "720+1"]

1. e4 e5 2. Nf3 Nc6 3. Bb5 a6 4. Ba4 Nf6 5. O-O Be7 6. Re1 b5 7. Bb3 O-O 
8. c3 d5 9. exd5 Nxd5 10. Nxe5 Nxe5 11. Rxe5 c6 12. Re1 Bd6 13. d3 Bf5 
14. Qf3 Qf6 15. Nd2 Qg6 16. Bd1 Bxd3 17. Ne4 Bxe4 18. Qxe4 Qxe4 19. Rxe4 Rae8 
20. Rxe8 Rxe8 21. Kf1 Be5 22. Be2 a5 23. a4 bxa4 24. g3 Nb6 25. Bf3 Re6 
26. Bd1 Bc7 27. Bxa4 Nxa4 28. Rxa4 f6 29. Bd2 Re8 30. Rc4 Re6 31. Be3 g6 
32. Ke2 Kf7 33. b3 h5 34. Kd3 f5 35. Ra4 Ke8 36. Ra2 Kd7 37. Rd2 Bd8 
38. Kc4+ Kc8 39. Rd3 g5 40. h3 g4 41. hxg4 fxg4 42. Kc5 Be7+ 43. Kb6 Bd8+ 
44. Ka6 Re5 45. c4 Bc7 46. Ba7 Rf5 47. Bb6 Bxb6 48. Kxb6 Rxf2 49. Kxc6 Rf3 
50. Rd5 Rxg3 51. Rxh5 Kd8 52. Rxa5 Rxb3 53. Rg5 g3 54. Rg8+ Ke7 55. c5 1/2-1/2